AoeStats
← poopinator

MegaRandom

510176526Analyzed
3v3 RM · 4d ago on Sep 29, 2026· 47m 13s· 6 players
Game mode
Random Map
Map size
Normal (6 player)
Population
200
Speed
Normal
Resources
Standard
Victory
Conquest
Starting age
Dark Age
Ending age
Imperial Age
RankedLock teamsTeams togetherTeam positionsShared explorationLock speedFull tech treeHidden civsTurbo modeCheats
Victory
Defeat
🇮🇱 Hindustanis · Israel
860
+20
🇮🇱 Portuguese · Israel
816
+21
🇮🇱 Lithuanians · Israel
800
+22
🇦🇷 Celts · Argentina
975
-22
🇵🇪 Burgundians · Peru
956
-22
🇦🇺 Poles · Australia
887
-19
GoEchi
0:58 Loom
11:18 Feudal Age
11:44 Double-Bit Axe
12:52 Fishing Lines
17:10 Bow Saw
19:17 Castle Age
20:26 Gillnets
21:20 Forging
23:53 Medium Warships
24:28 Gold Mining
24:31 Stone Mining
28:26 Two-Man Saw
28:09 Horse Collar
30:31 Burgundian Vineyards
32:08 Wheelbarrow
32:19 Stone Shaft Mining
32:24 Gold Shaft Mining
33:54 Iron Casting
37:56 Imperial Age
35:59 Hand Cart
35:31 Town Watch
36:12 Careening
36:20 Clinker Construction
37:37 Heavy Plow
38:03 Scale Barding Armor
39:18 Heavy Warships
39:57 Chemistry
38:40 Elite Coustillier
40:53 Carvel Hull
41:34 Elite Cannon Galleon
Pukinskis
3:48 Loom
11:01 Feudal Age
11:39 Double-Bit Axe
16:13 Horse Collar
21:45 Castle Age
20:48 Forging
23:00 Bow Saw
22:54 Heavy Plow
23:06 Pikeman
23:47 Squires
23:53 Gold Mining
25:09 Wheelbarrow
27:26 Stone Mining
28:33 Town Watch
31:49 Imperial Age
29:59 Scale Mail Armor
32:16 Stone Shaft Mining
32:14 Chain Mail Armor
32:35 Iron Casting
31:52 Fletching
32:10 Arson
32:57 Conscription
33:38 Crop Rotation
34:01 Scale Barding Armor
34:20 Light Cavalry
35:12 Bloodlines
37:35 Chain Barding Armor
38:24 Caravan
40:29 Blast Furnace
39:46 Winged Hussar
41:58 Bodkin Arrow
MonteBlack
0:52 Loom
11:20 Feudal Age
12:29 Double-Bit Axe
12:25 Horse Collar
16:12 Gold Mining
20:20 Castle Age
18:56 Forging
18:37 Arson
18:47 Stone Mining
23:07 Medium Warships
26:56 Imperial Age
30:52 Scale Mail Armor
33:23 Iron Casting
33:54 Pikeman
35:24 Gambesons
39:03 Wheelbarrow
38:41 Bow Saw
45:32 Stronghold
poopinator
10:01 Feudal Age
12:26 Wheelbarrow
13:58 Horse Collar
15:23 Double-Bit Axe
17:05 Fishing Lines
21:12 Castle Age
22:51 Stone Mining
22:51 Gold Mining
24:58 Hand Cart
25:18 Forging
25:10 Scale Mail Armor
25:26 Medium Warships
26:02 Bow Saw
25:55 Heavy Plow
30:08 Iron Casting
29:48 Chain Mail Armor
30:44 Grand Trunk Road
36:16 Imperial Age
35:47 Caravan
35:16 Light Cavalry
36:08 Bloodlines
35:59 Husbandry
38:45 Blast Furnace
38:10 Conscription
38:48 Fletching
39:20 Elite Ghulam
44:47 Heavy Camel Rider
Hello
11:02 Feudal Age
11:48 Horse Collar
12:02 Gold Mining
12:52 Double-Bit Axe
18:32 Castle Age
17:16 Stone Mining
20:29 Stone Shaft Mining
21:58 Wheelbarrow
24:42 Husbandry
24:53 Bloodlines
27:04 Hand Cart
28:42 Scale Barding Armor
31:01 Bow Saw
30:55 Heavy Plow
37:04 Imperial Age
34:23 Loom
34:24 Town Watch
35:33 Chain Barding Armor
35:23 Forging
35:56 Fletching
37:06 Elite Leitis
38:27 Plate Barding Armor
38:28 Iron Casting
37:18 Elite Skirmisher
38:36 Caravan
45:23 Bodkin Arrow
Troyan sus
8:11 Feudal Age
9:30 Wheelbarrow
8:49 Double-Bit Axe
9:26 Fishing Lines
12:36 Horse Collar
18:49 Castle Age
17:04 Stone Mining
20:02 Hand Cart
22:00 Stone Shaft Mining
21:16 Gold Mining
21:45 Gillnets
22:48 Bow Saw
26:22 Medium Warships
29:43 Forging
29:25 Fletching
29:41 Scale Barding Armor
30:33 Bodkin Arrow
31:15 Iron Casting
31:01 Heavy Plow
32:46 Caravan
37:15 Imperial Age
34:45 Loom
35:30 Husbandry
38:41 Conscription
38:23 Arquebus
39:28 Heavy Warships
40:52 Elite Organ Gun
Connection lost

Rejoining the realm…

Still unreachable

The connection could not be restored.

Session expired

The server has moved on; the page needs a fresh start.